 Seeded DCSS version 0.30.1-11-g7821555f0a (webtiles) character file.

Game seed: 537684885960813688 (custom seed)

12406 fireball365 the Severer (level 11, -6/99 HPs)
             Began as a Hill Orc Fighter on Dec 20, 2023.
             Was an Initiate of Gozag.
             Mangled by a cyan ugly thing (9 damage)
             ... on level 11 of the Dungeon.
             The game lasted 00:21:42 (10388 turns).

fireball365 the Severer (Hill Orc Fighter)         Turns: 10388, Time: 00:21:42

Health: -6/99      AC: 23    Str: 24    XL:     11   Next: 92%
Magic:  11/11      EV: 10    Int:  5    God:    Gozag
Gold:   1416       SH:  6    Dex: 16    Spells: 10/10 levels left

rFire   + . .        A - +0 war axe (flame)
rCold   + + .        c - +0 buckler
rNeg    . . .        l - +2 chain mail "Fugg" {Harm Fly rC++ Int-3}
rPois   .            v - +0 helmet
rElec   .            D - +2 cloak
rCorr   .            k - +2 pair of gloves
SInv    .            K - +0 pair of boots
Will    .....        w - amulet of the acrobat Stlth
                     s - +6 ring of dexterity
HPRegen 0.36/turn    C - ring of protection from fire
MPRegen 0.12/turn

%: harm (+30% outgoing, +20% incoming), acrobat
@: flying
A: no striking features
a: Renounce Religion, Potion Petition, Call Merchant, Bribe Branch


You were on level 11 of the Dungeon.
You worshipped Gozag.
Gozag was most pleased with you.
You visited 1 branch of the dungeon, and saw 11 of its levels.

You collected 1807 gold pieces.
You spent 231 gold pieces at shops.
You paid 160 gold pieces to Gozag.

Inventory:

Hand Weapons
 a - a +0 war axe
 A - a +0 war axe of flaming (weapon)
 O - a +0 battleaxe
Missiles
 e - 12 boomerangs (quivered)
 j - 26 poisoned darts
 z - 2 throwing nets
 G - 4 boomerangs of dispersal
Armour
 c - a +0 buckler (worn)
 k - a +2 pair of gloves (worn)
 l - the +2 chain mail "Fugg" (worn) {Harm Fly rC++ Int-3}
   (You took it off a hobgoblin on level 2 of the Dungeon)

   Int:       It affects your intelligence (-3).
   rC:        It greatly protects you from cold.
   Fly:       It grants you flight.
   Harm:      It increases damage dealt and taken.
 v - a +0 helmet (worn)
 B - a +0 pair of gloves
 D - a +2 cloak (worn)
 K - a +0 pair of boots (worn)
Jewellery
 s - a +6 ring of dexterity (left hand)
 w - an amulet of the acrobat (around neck)
 C - a ring of protection from fire (right hand)
 Q - a +6 ring of intelligence
 T - a +6 ring of intelligence
Wands
 p - a wand of iceblast (7)
 H - a wand of polymorph (6)
 M - a wand of acid (2)
Scrolls
 b - 6 scrolls of identify
 h - 9 scrolls of teleportation
 m - a scroll of vulnerability
 o - a scroll of acquirement
 q - 2 scrolls of torment
 t - a scroll of enchant armour
 y - 4 scrolls of noise
 F - 2 scrolls of blinking
 P - a scroll of fear {unknown}
 R - a scroll of poison {unknown}
 S - a scroll of immolation
Potions
 d - a potion of might
 f - a potion of attraction
 g - 2 potions of degeneration {unknown}
 i - a potion of lignification {unknown}
 n - 2 potions of flight
 r - a potion of haste {unknown}
 u - 5 potions of heal wounds
 x - a potion of brilliance {unknown}
 E - 3 potions of curing {unknown}
 I - a potion of cancellation {unknown}
 J - 2 potions of mutation {unknown}
 L - a potion of invisibility {unknown}
 N - 2 potions of resistance {unknown}


   Skills:
 + Level 9.7 Fighting
 + Level 16.0 Axes
 + Level 9.9 Armour
 + Level 3.8 Dodging
 + Level 2.5 Stealth
 + Level 7.5 Shields


You had 10 spell levels left.
You didn't know any spells.
Your spell library contained the following spells:

 Spells                   Type           Power      Damage    Failure   Level
 Freeze                   Ice            0%         1d3       95%         1
 Necrotise                Necr           0%         1d4       95%         1
 Blink                    Tloc           0%         N/A       99%         2
 Lesser Beckoning         Tloc           0%         N/A       99%         2
 Momentum Strike          Conj/Tloc      0%         3d8       99%         2
 Poisonous Vapours        Pois/Air       0%         N/A       99%         2
 Call Canine Familiar     Summ           0%         N/A       100%        3
 Frozen Ramparts          Ice            0%         1d1       100%        3
 Gell's Gravitas          Tloc           0%         N/A       100%        3
 Hailstorm                Conj/Ice       0%         3d3       100%        3
 Mephitic Cloud           Conj/Pois/Air  0%         N/A       100%        3
 Portal Projectile        Hex/Tloc       0%         N/A       100%        3
 Teleport Other           Tloc           0%         N/A       100%        3
 Vampiric Draining        Necr           0%         2d6       100%        3
 Leda's Liquefaction      Hex/Erth       0%         N/A       100%        4
 Agony                    Necr           0%         N/A       100%        5
 Freezing Cloud           Conj/Ice/Air   0%         6-21      100%        5


Dungeon Overview and Level Annotations

Branches:
Dungeon (11/15)            Temple (0/1) D:5            Lair (0/5) D:10
    Orc: D:9-12

Altars:
Ashenzari
Dithmenos
Gozag
Kikubaaqudgha

Shops:
D:3 :   D:11 ?

Annotations:
D:7 3 runed translucent doors, Jingleheimer's ghost, amateur OpTm


Message History

The cyan ugly thing gurgles horribly!
You slash the cyan ugly thing! You burn the cyan ugly thing.
The cyan ugly thing is moderately wounded.
The cyan ugly thing pecks you. The cyan ugly thing shocks you!
You closely miss the cyan ugly thing.
The cyan ugly thing is moderately wounded.
You block the cyan ugly thing's attack.
You slash the cyan ugly thing! You burn the cyan ugly thing.
The cyan ugly thing is heavily wounded.
You hit the cyan ugly thing but do no damage.
The cyan ugly thing is heavily wounded.
The cyan ugly thing pecks you. The cyan ugly thing shocks you!
You closely miss the cyan ugly thing.
The cyan ugly thing is heavily wounded.
The cyan ugly thing closely misses you.
You hit the cyan ugly thing but do no damage.
The cyan ugly thing is heavily wounded.
The cyan ugly thing pecks you. The cyan ugly thing shocks you!
You hit the cyan ugly thing. You burn the cyan ugly thing.
The cyan ugly thing is heavily wounded.
You closely miss the cyan ugly thing.
The cyan ugly thing is heavily wounded.
You block the cyan ugly thing's attack.
You barely miss the cyan ugly thing.
The cyan ugly thing is heavily wounded.
The cyan ugly thing pecks you. The cyan ugly thing shocks you!
* * * LOW HITPOINT WARNING * * *
You hit the cyan ugly thing. You burn the cyan ugly thing.
The cyan ugly thing is heavily wounded.
You slash the cyan ugly thing! You burn the cyan ugly thing.
The cyan ugly thing is severely wounded.
The cyan ugly thing pecks you.
* * * LOW HITPOINT WARNING * * *
The cyan ugly thing shocks you!
* * * LOW HITPOINT WARNING * * *
You hit the cyan ugly thing but do no damage.
The cyan ugly thing is severely wounded.
The cyan ugly thing pecks you!
You die...
Your body crumbles into a pile of gold.

.........#
#.....###.###..#
# .........#
#..............#
# .........#
#..............#
# .........#
#...########...#
# .........#
#...# #...# #
.........# #...#
.........# #...#
.........# #...#
#.@.# #.u.# $
#...# #...#
#...# #...#
#...# #...#


You could see a cyan ugly thing.

Vanquished Creatures
  3 two-headed ogres
  Amaemon (D:11)
  Pikel (D:5)
  2 cyclopes (D:11)
  An orange demon (D:11)
  A gargoyle (D:10)
  A rime drake (D:10)
  A komodo dragon (D:10)
  2 trolls
  2 shadows
  Sigmund (D:3)
  A water elemental (D:11)
  2 wyverns (D:9)
  15 yaks
  A steam dragon (D:8)
  Edmund (D:6)
  A sky beast (D:7)
  Duvessa (D:5)
  2 orc warriors
  3 black bears
  5 ice beasts
  An ogre (D:6)
  A wolf (D:10)
  3 centaurs
  A lemure (D:5)
  3 kobold brigands
  A phantom (D:5)
  Blork the orc (D:6)
  2 gnoll sergeants
  2 scorpions (D:6)
  8 wights
  Dowan (D:5)
  4 killer bees (D:8)
  7 howler monkeys
  A jelly (D:6)
  5 orc priests
  3 hounds (D:6)
  2 gnoll boudas
  2 iguanas
  12 orc wizards
  Robin (D:3)
  16 gnolls
  8 adders
  2 river rats (D:4)
  A shadow imp (D:7)
  2 white imps
  2 ufetubi
  4 worms (D:4)
  2 dart slugs (D:4)
  34 orcs
  8 endoplasms
  4 giant cockroaches (D:3)
  20 goblins
  12 hobgoblins
  5 jackals
  18 kobolds
  4 quokkas
  8 ball pythons
  17 bats
  3 frilled lizards
  6 rats
285 creatures vanquished.

Notes
Turn   | Place    | Note
-------+----------+-------------------------------------------
     0 | D:1      | fireball365 the Hill Orc Fighter began the quest for the
                  | Orb.
     0 | D:1      | Reached XP level 1. HP: 19/19 MP: 1/1
   192 | D:1      | Reached XP level 2. HP: 25/27 MP: 2/2
   416 | D:1      | Found a faded altar of an unknown god.
   440 | D:1      | Reached skill level 3 in Axes
  1000 | D:2      | Reached XP level 3. HP: 32/33 MP: 3/3
  1314 | D:2      | Reached skill level 4 in Axes
  1314 | D:2      | Reached XP level 4. HP: 32/40 MP: 4/4
  1416 | D:2      | Identified the +2 chain mail "Fugg" {Harm Fly rC++ Int-3}
  1774 | D:3      | Noticed Robin
  1786 | D:3      | Killed Robin
  1829 | D:3      | Noticed Sigmund
  1843 | D:3      | Killed Sigmund
  1844 | D:3      | Reached skill level 5 in Axes
  1844 | D:3      | Reached skill level 1 in Dodging
  1844 | D:3      | Reached XP level 5. HP: 17/46 MP: 5/5
  1844 | D:3      | Reached XP level 6. HP: 20/52 MP: 6/6
  2167 | D:3      | Reached skill level 6 in Axes
  2236 | D:3      | Identified the +2 robe of the Albatross {rC+++ Will+ Str+5
                  | Dex-2}
  2578 | D:3      | Found Kemi's Book Shop.
  2741 | D:4      | You are sucked into a shaft and drop 3 floors!
  2749 | D:7      | Noticed a sky beast
  2759 | D:7      | Killed a sky beast
  2819 | D:6      | Noticed Edmund
  2825 | D:6      | Reached XP level 7. HP: 60/60 MP: 7/7
  2836 | D:6      | Killed Edmund
  2837 | D:6      | Reached skill level 7 in Axes
  2837 | D:6      | Reached skill level 5 in Armour
  2840 | D:5      | Entered Level 5 of the Dungeon
  3131 | D:5      | Noticed Pikel
  3146 | D:5      | Reached skill level 8 in Axes
  3149 | D:5      | Killed Pikel
  3150 | D:5      | Reached skill level 5 in Fighting
  3150 | D:5      | Reached skill level 9 in Axes
  3150 | D:5      | Reached XP level 8. HP: 53/69 MP: 8/8
  4401 | D:5      | Noticed Dowan
  4402 | D:5      | Noticed Duvessa
  4409 | D:5      | Killed Dowan
  4415 | D:5      | Killed Duvessa
  4416 | D:5      | Reached skill level 10 in Axes
  4421 | D:5      | Identified a scroll of acquirement
  4479 | D:5      | Reached skill level 5 in Shields
  4621 | D:5      | Found a staircase to the Ecumenical Temple.
  4720 | D:6      | Reached XP level 9. HP: 75/75 MP: 9/9
  4953 | D:6      | Reached skill level 11 in Axes
  5363 | D:6      | Found an opulent altar of Gozag.
  5398 | D:6      | Became a worshipper of Gozag Ym Sagoz the Greedy
  5488 | D:6      | Reached skill level 1 in Stealth
  5564 | D:6      | Noticed Blork the orc
  5569 | D:6      | Killed Blork the orc
  5807 | D:7      | Found a runed translucent gate.
  5807 | D:7      | Found a runed translucent gate.
  5807 | D:7      | Found a runed translucent gate.
  5808 | D:7      | Noticed Jingleheimer's ghost (amateur OpTm)
  6116 | D:7      | Reached skill level 12 in Axes
  6727 | D:8      | Reached XP level 10. HP: 86/86 MP: 10/10
  6871 | D:8      | Found a broken altar of Ashenzari.
  6899 | D:8      | Reached skill level 13 in Axes
  7675 | D:9      | Found a shadowy altar of Dithmenos.
  7898 | D:10     | Entered Level 10 of the Dungeon
  7963 | D:10     | Reached skill level 14 in Axes
  8072 | D:10     | Identified the +0 ring mail of Submission {rElec rPois
                  | Slay+3}
  8075 | D:10     | Found a staircase to the Lair.
  8120 | D:10     | Noticed a two-headed ogre
  8124 | D:10     | Reached XP level 11. HP: 95/95 MP: 11/11
  8132 | D:10     | Killed a two-headed ogre
  9202 | D:11     | Noticed a cyclops
  9206 | D:11     | Noticed a two-headed ogre
  9207 | D:11     | Noticed Amaemon
  9214 | D:11     | Killed a cyclops
  9220 | D:11     | Killed a two-headed ogre
  9221 | D:11     | Reached skill level 15 in Axes
  9505 | D:11     | Killed Amaemon
  9795 | D:11     | Identified the +3 leather armour of Qenygiod {rPois}
  9865 | D:11     | Noticed a two-headed ogre
  9872 | D:11     | Killed a two-headed ogre
  9907 | D:11     | Noticed a cyclops
  9911 | D:11     | Killed a cyclops
  9944 | D:11     | Reached skill level 16 in Axes
 10155 | D:11     | Found Cix Uhyn's Magic Scroll Emporium.
 10169 | D:11     | Bought a scroll of teleportation for 42 gold pieces
 10169 | D:11     | Bought a scroll of identify for 28 gold pieces
 10169 | D:11     | Bought a scroll of immolation for 56 gold pieces
 10169 | D:11     | Bought a scroll of blinking for 105 gold pieces
 10176 | D:11     | Found an ancient bone altar of Kikubaaqudgha.
 10373 | D:11     | Noticed a cyan ugly thing
 10387 | D:11     | HP: 3/99 [cyan ugly thing (16)]
 10388 | D:11     | Mangled by a cyan ugly thing

Illustrated notes

Levels and vault maps discovered:
D:1:      dpeg_arrival_stonehenge_8_columns, layout_basic,
          shapermc_ecumenical_altar_starsandcircs
D:2:      layout_basic
D:3:      layout_basic, nicolae_overflow_hidden_temple, serial_shops,
          nicolae_shop_tiny_real_fake_doors, corexii_item_surrounded_by_moat,
          minmay_joined_circles, uniq_sigmund, uniq_robin
D:4:      cheibrodos_greedy_goblins, layout_gridville, lightli_sewer_entry_pipes
D:5:      layout_rooms, temple_statues, dk_noncrumbling_4, uniq_pikel,
          uniq_duvessa
D:6:      layout_gridville, nicolae_gozag_seed_capital, uniq_edmund,
          uniq_blork_the_orc
D:7:      layout_basic, ebering_ghost_rock_garden,
          eino_small_chamber_without_monster
D:8:      layout_cave_pools, mainiacjoe_overflow_alcove_4
D:9:      layout_basic, grunt_dithmenos_smoke_and_mirrors
D:10:     layout_gridville, hellmonk_lair_entry_icy, roderic_batcave
D:11:     wad_crossroads, layout_long_grid, serial_shops, shop_scrolls,
          hangedman_abyss_or_decor_passed, minmay_crystal_water,
          nicolae_kikubaaqudgha_miasma_corner, uniq_amaemon

Skill      XL: |  1  2  3  4  5  6  7  8  9 10 11 |
---------------+----------------------------------+-----
Axes           | 3 4 5 6 9 10 12 14 16 | 16.0
Fighting       | 4 5 6 7 8 9 |  9.7
Armour         | 4 6 7 8 9 |  9.9
Dodging        | 1 2 3 |  3.8
Shields        | 4 5 6 7 |  7.5
Stealth        | 1 2 |  2.5

Action                     |  1- 3 |  4- 6 |  7- 9 | 10-12 || total
---------------------------+-------+-------+-------+-------++-------
  Melee: War axe           |    84 |   101 |   279 |   290 ||   754
    Use: Scroll            |     1 |     2 |     7 |     4 ||    14
         Potion            |       |       |       |     1 ||     1
   Stab: Distracted        |       |       |     1 |     4 ||     5
 Armour: Scale mail        |    74 |     1 |       |       ||    75
         Chain mail        |       |    70 |   154 |   155 ||   379
  Dodge: Dodged            |    48 |    38 |   141 |   181 ||   408
  Block: Buckler           |    36 |    29 |    72 |    91 ||   228
